Map: Central Protocol

Players

Arcane - Winner!

  • Race: Protoss Protoss
  • League: Gold

Slacker

  • Race: Terran Terran
  • League: Platinum

VOD

Have the link to the VOD?

Description

Time

  • Played on: March 19, 2016, 8:24 p.m.
  • Length: 6:02
Show
View Real Time Build Order
Export as new Build Order

Arcane Protoss - Winner!

Build Orders: Mass Adepts 

Get SALT Encoding   

  12  0:01  Probe (Chrono Boost)  
  13  0:12  Probe (Chrono Boost)  
  14  0:17  Pylon  
  14  0:25  Probe (Chrono Boost)  
  16  0:35  Probe (Chrono Boost)  
  16  0:40  Gateway  
  16  0:46  Probe (Chrono Boost)  
  17  1:02  Assimilator  
  17  1:03  Probe (Chrono Boost)  
  18  1:23  Assimilator  
  18  1:27  Cybernetics Core  
  18  1:29  Gateway  
  18  1:31  Gateway  
  18  1:40  Probe (Chrono Boost)  
  19  1:53  Gateway  
  19  1:57  Pylon  
  19  2:05  Adept  
  21  2:22  Adept x2  
  25  2:26  Probe (Chrono Boost)  
  26  2:33  Pylon  
  26  2:40  Warp Gate (Chrono Boost)  
  26  2:46  Adept  
  27  2:52  Adept  
  27  2:57  Probe  
  30  3:13  Adept  
  30  3:14  Adept  
  30  3:19  Adept  
  38  3:27  Adept  
  38  3:35  Pylon  
  38  4:00  Adept x3  
  38  4:02  Adept  
  36  5:01  Stalker x3  
  36  5:02  Stalker  
  44  5:07  Nexus  
  44  5:31  Stalker  
  44  5:35  Pylon  
Show
View Real Time Build Order
Export as new Build Order

Slacker Terran 

Build Orders: Command Center First (CC) 

Get SALT Encoding   

  12  0:01  SCV  
  13  0:13  SCV  
  14  0:18  Supply Depot  
  14  0:25  SCV  
  15  0:39  SCV  
  16  0:51  SCV  
  17  1:04  Command Center  
  17  1:10  SCV  
  18  1:22  SCV  
  19  1:25  Barracks  
  19  1:40  Barracks  
  19  1:45  SCV  
  20  1:57  SCV  
  21  2:14  Orbital Command  
  21  2:16  Marine  
  22  2:26  Orbital Command  
  22  2:30  Marine  
  23  2:38  Barracks  
  23  2:41  Refinery, SCV  
  23  2:42  Refinery  
  24  2:54  SCV x2  
  24  2:56  Marine x2  
  28  3:06  SCV x2  
  30  3:14  Marine  
  30  3:16  Barracks Tech Lab  
  30  3:18  Bunker, SCV x2  
  33  3:30  Marine, SCV x2  
  33  3:31  Marine  
  37  3:37  Stimpack  
  37  3:42  SCV  
  37  3:45  SCV  
  38  4:02  Marauder, Marine x2, SCV x2  
  44  4:06  Supply Depot  
  44  4:12  Factory  
  44  4:14  SCV x2  
  45  4:20  Marine x2  
  45  4:24  Marauder  
  40  4:37  Marine x2  
  42  4:45  Marine  
  37  4:55  Marine x2  
  39  5:04  Marine  
  40  5:08  Factory Reactor  
  40  5:10  Starport  
  40  5:12  SCV x2  
  40  5:13  Marine x2  
  43  5:14  Supply Depot  
  43  5:17  Command Center  
  43  5:22  Marine  
  43  5:24  SCV  
  44  5:31  Marine  
  44  5:32  Marine  
  44  5:40  Marine  
Tags
 
Add a new tag
Caveats
  • Supply blocks, unpowered buildings, or Contaminate may cause inaccurate times.
  • Supply counts are checked every 10 seconds.